 Dungeon Crawl Stone Soup version 0.27.1-33-g824d729ab1 (webtiles) character file.

Game seed: 10803236604271672021

107718 zeram the Imperceptible (level 16, -5/62 HPs)
             Began as a Spriggan Brigand on Dec 23, 2021.
             Was the Champion of Dithmenos.
             Slain by an orc knight (31 damage)
             ... on level 1 of the Orcish Mines.
             The game lasted 01:18:29 (27619 turns).

zeram the Imperceptible (Spriggan Brigand)         Turns: 27619, Time: 01:18:29

Health: -5/62      AC: 13    Str:  6    XL:     16   Next: 0%
Magic:  30/30      EV: 41    Int: 17    God:    Dithmenos [******]
Gold:   3418       SH: 12    Dex: 26    Spells: 29/39 levels left

rFire    . . .     SeeInvis +   B - +2 dagger (venom)
rCold    + . .     Faith    .   y - +2 buckler {reflect}
rNeg     + . .     Spirit   .   v - +3 steam dragon scales
rPois    +         Reflect  +   j - +2 hat
rElec    .         Harm     .   Y - +2 ratskin cloak {*Rats rPois rN+ Str-1 Int-1 Dex+1}
rCorr    +         Rampage  .   (gloves unavailable)
Will     +....                  (boots unavailable) Stlth ********++
                                t - amulet of regeneration
HPRegen  1.20/turn              p - +4 ring of evasion
MPRegen  0.22/turn              K - ring "Onatede" {rC+ Will- rCorr Dex+7}

@: unable to read, very slightly contaminated, slowed, wreathed by umbra,
constricted, invisible, quick
A: very small, no large weapons, unfitting armour, see invisible, speed 3, frail
1, low mp 1, inability to read while threatened
a: Renounce Religion, Shadow Step, Shadow Form


You were on level 1 of the Orcish Mines.
You worshipped Dithmenos.
Dithmenos was exalted by your worship.
You visited 5 branches of the dungeon, and saw 24 of its levels.

You collected 3793 gold pieces.
You spent 375 gold pieces at shops.

Inventory:

Hand Weapons
 B - a +2 dagger of venom (weapon)
Missiles
 e - 7 curare-tipped darts
 f - 69 poisoned darts (quivered)
Armour
 j - a +2 hat (worn)
 v - +3 steam dragon scales (worn)
 y - a +2 buckler of reflection (worn)
 Y - the +2 ratskin cloak (worn) {*Rats rPois rN+ Str-1 Int-1 Dex+1}
   (You found it on level 3 of the Lair of Beasts)

   When the wearer is hurt, rats may emerge from it to assist them.
   Str:       It affects your strength (-1).
   Int:       It affects your intelligence (-1).
   Dex:       It affects your dexterity (+1).
   rPois:     It protects you from poison.
   rN:        It protects you from negative energy.
Jewellery
 p - a +4 ring of evasion (left hand)
 r - a ring of flight
 t - an amulet of regeneration (around neck)
 u - a ring of wizardry
 E - a +4 ring of evasion
 K - the ring "Onatede" (right hand) {rC+ Will- rCorr Dex+7}
   (You acquired it on level 4 of the Lair of Beasts)

   [ring of resist corrosion]

   Dex:       It affects your dexterity (+7).
   rC:        It protects you from cold.
   rCorr:     It protects you from acid and corrosion.
   Will:      It decreases your willpower.
Wands
 c - a wand of charming (9)
 m - a wand of iceblast (11)
 s - a wand of acid (6)
 x - a wand of digging (12)
 H - a wand of polymorph (13)
 N - a wand of mindburst (47)
Scrolls
 b - 13 scrolls of identify
 h - 2 scrolls of magic mapping
 o - 9 scrolls of teleportation
 C - 2 scrolls of silence
 G - a scroll of amnesia
 P - a scroll of enchant weapon
 T - 5 scrolls of fog
 X - 4 scrolls of brand weapon
 Z - a scroll of fear
Potions
 d - 6 potions of curing
 i - 2 potions of flight
 l - 3 potions of heal wounds
 n - 3 potions of brilliance
 q - 8 potions of haste
 z - 4 potions of magic
 F - 5 potions of might
 M - 3 potions of lignification
Miscellaneous
 Q - a condenser vane


   Skills:
 - Level 1.5 Fighting
 + Level 11.0 Short Blades
 - Level 2.0 Throwing
 + Level 19.1 Dodging
 + Level 23.4 Stealth
 - Level 8.0 Shields
 * Level 12.3 Spellcasting
 * Level 2.8 Summonings
 - Level 0.1 Evocations


You had 29 spell levels left.
You knew the following spells:

 Your Spells              Type           Power      Damage    Failure   Level
a - Ensorcelled Hibernat  Hex/Ice        20%        N/A       10%         2
b - Poisonous Vapours     Pois/Air       20%        N/A       10%         2
c - Shadow Creatures      Summ           N/A        N/A       97%         6

Your spell library contained the following spells:

 Spells                   Type           Power      Damage    Failure   Level
 Magic Dart               Conj           40%        1d5       7%          1
 Corpse Rot               Necr/Air       N/A        N/A       10%         2
 Searing Ray              Conj           20%        3d3       10%         2
 Gell's Gravitas          Tloc           5%         N/A       21%         3
 Lesser Beckoning         Tloc           5%         N/A       21%         3
 Spider Form              Tmut/Pois      5%         N/A       21%         3
 Stone Arrow              Conj/Erth      20%        3d8       21%         3
 Teleport Other           Tloc           10%        N/A       21%         3
 Tukima's Dance           Hex            10%        N/A       21%         3
 Fulminant Prism          Conj/Hex       5%         3d7       54%         4
 Passage of Golubria      Tloc           N/A        N/A       54%         4
 Bolt of Magma            Conj/Fire/Erth 5%         4d5       88%         5
 Freezing Cloud           Conj/Ice/Air   5%         6-21      88%         5
 Yara's Violent Unravell  Hex/Tmut       5%         3d4       88%         5
 Shatter                  Erth           5%         3d8*      100%        9


Dungeon Overview and Level Annotations

Branches:
Dungeon (14/15)            Temple (1/1) D:5            Lair (6/6) D:9
  Swamp (0/4) Lair:2       Spider (1/4) Lair:2        Slime (0/5) Lair:6
    Orc (2/2) D:10            Elf (0/3) Orc:2        Vaults (0/5) D:13

Altars:
Ashenzari
Cheibriados
Dithmenos
Elyvilon
Fedhas
Gozag
Hepliaklqana
Kikubaaqudgha
Makhleb
Nemelex Xobeh
Okawaru
Qazlal
Ru
Sif Muna
Trog
Uskayaw
Vehumet
Wu Jian
Xom
Yredelemnul
Zin
The Shining One
Beogh

Shops:
D:9 (=   D:11 [   Orc:2 *

Annotations:
Lair:3 exclusion: oklob plant


Innate Abilities, Weirdness & Mutations

You are very small and have problems with some larger weapons.
You are too small for most types of armour.
You have supernaturally acute eyesight. (SInv)
You cover ground extremely quickly. (Speed+++)
You are frail. (-10% HP)
Your magical capacity is low. (-10% MP)
You sometimes lose the ability to read scrolls when taking damage.


Message History

Flarelocke's ghost completely misses you.
You block the naga warrior's attack. The naga warrior grabs you.
The naga warrior constricts you.
You hit the naga warrior.
The naga warrior is lightly wounded.
Your shadow hits the naga warrior but does no damage.
You catch the helpless Flarelocke's ghost completely off-guard!
You perforate Flarelocke's ghost like a sieve!!!
Flarelocke's ghost is heavily damaged.
Your shadow hits Flarelocke's ghost but does no damage.
The naga warrior closely misses you. The naga warrior constricts you.
You hit Flarelocke's ghost.
Flarelocke's ghost is heavily damaged.
Your shadow hits Flarelocke's ghost with a dagger.
You block the naga warrior's attack. The naga warrior constricts you.
You catch the helpless Flarelocke's ghost completely off-guard!
You perforate Flarelocke's ghost like a sieve!!!
You destroy Flarelocke's ghost!
Dithmenos accepts your kill. You block the naga warrior's attack.
The naga warrior constricts you.
A river rat scurries out from under your cloak.
The orc knight completely misses you.
You have reached level 16!
You closely miss the orc knight.
Your shadow hits the orc knight with a dagger.
You hit the orc knight.
The orc knight is poisoned.
The orc knight is lightly wounded.
Your river rat bites the naga warrior!
The naga warrior hits you with a +3 dire flail!
You feel threatened and lose the ability to read scrolls!
A river rat scurries out from under your cloak.
You emit a cloud of dark smoke.
The naga warrior constricts you.
You emit a cloud of dark smoke.
You hit the orc knight but do no damage.
The orc knight looks as sick as possible!
The orc knight is lightly wounded.
Your shadow hits the orc knight but does no damage.
The orc knight hits you with a +0 great sword!!
Ouch! That really hurt!
You die...

#.#8..o8#.#
#...ooW...#
#.#8...8#.#
#.....$.N.# ####
####W'§#### ###..#
#....§§§§.###.#..#
###..o§N####.§...####
##§#.o###>rN§§....####
###..)§#.§o@§.....#.##
##..)..§§r§§...#...#
###.....#.§...##.##
###.....##.....#.#
##.#......##.....>#
##..........##.)...#
#..........##....###
##.###.....#.)...# ###
#.....)))...#


You could see a naga warrior (ally target), an orc knight (strong, extremely
poisoned, ally target) and 2 friendly river rats.

Vanquished Creatures
  Jorgrun (D:13)
  Frances (D:12)
  Kirke (D:13)
  A dire elephant (Lair:5)
  A minotaur (Orc:1)
  Snorg (D:12)
  The ghost of Flarelocke the Cleaver, a journeyman HuFi of Kikubaaqudgha (Orc:1)
  2 fire dragons
  A great orb of eyes (D:14)
  The ghost of pkoi the Grappler, a journeyman DrGl of Dithmenos (Lair:3)
  Fannar (Lair:2)
  7 hydras
  8 centaur warriors
  3 boulder beetles
  5 catoblepae
  A death knight (D:13)
  7 two-headed ogres
  An ogre mage (D:13)
  5 death yaks (Lair:6)
  2 orc high priests
  Sonja (D:11)
  A deep elf knight (Orc:1)
  A skeletal warrior (D:13)
  A sea snake (shapeshifter) (D:14)
  A swamp dragon (Lair:2)
  2 orb spiders (Spider:1)
  6 orc knights
  A deep elf pyromancer (D:14)
  A deep elf archer (Orc:1)
  4 wolf spiders
  6 ugly things
  An oklob plant (Lair:3)
  7 manticores
  6 cyclopes
  21 elephants
  6 black mambas
  2 centaur zombies (D:10)
  7 cane toads
  A cane toad (shapeshifter) (D:14)
  An efreet (D:14)
  2 freezing wraiths
  2 rime drakes
  A yaktaur (D:14)
  A tengu conjurer (D:13)
  10 komodo dragons
  A kobold demonologist (D:13)
  A jumping spider (shapeshifter) (D:14)
  10 jumping spiders
  4 polar bears
  2 demonic crawlers (Spider:1)
  A troll (shapeshifter) (D:13)
  9 trolls
  17 blink frogs
  13 slime creatures
  A dream sheep (Lair:3)
  12 redbacks
  A vampire (D:11)
  A spriggan (Lair:5)
  A wraith (D:11)
  A shadow (D:9)
  2 wyverns
  80 yaks
  Sigmund (D:2)
  6 tarantellas (Spider:1)
  3 basilisks
  2 chaos spawn (D:12)
  A human (shapeshifter) (D:14)
  2 steam dragons
  13 vampire mosquitoes
  2 wargs
  2 acid dragons
  20 water moccasins
  24 orc warriors
  2 black bears
  A necrophage (D:5)
  3 sky beasts
  12 centaurs
  7 ogres
  A phantom (D:5)
  3 wolves (Lair:2)
  A kobold brigand (D:13)
  11 bullfrogs
  A scorpion (shapeshifter) (D:14)
  A wyvern zombie (D:9)
  2 gnoll sergeants
  3 killer bees (D:9)
  3 wights
  3 howler monkeys
  8 electric eels
  A bullfrog zombie (D:7)
  5 hounds
  5 jellies
  5 centaur skeletons
  A gnoll shaman (D:9)
  13 orc priests
  4 iguanas
  16 orc wizards
  A killer bee zombie (D:6)
  2 hound skeletons
  18 gnolls
  6 adders
  2 howler monkey skeletons
  A shadow imp (D:8)
  2 white imps
  An adder skeleton (D:4)
  A worm (D:2)
  4 dart slugs
  61 orcs
  12 endoplasms
  6 giant cockroaches
  6 goblins
  7 hobgoblins
  2 jackals (D:5)
  6 quokkas
  5 ball pythons
  6 bats
  2 frilled lizards
  2 goblin skeletons (D:6)
  3 hobgoblin zombies (D:6)
  13 kobolds
  2 kobold skeletons (D:6)
  A kobold zombie (D:6)
  An orc zombie (D:6)
  6 rats
  A butterfly (Lair:2)
669 creatures vanquished.

Vanquished Creatures (collateral kills)
  A tengu warrior (D:13)
  A manticore (Lair:6)
2 creatures vanquished.

Vanquished Creatures (others)
  A cyclops (D:14)
  A manticore (D:14)
  A komodo dragon (Lair:6)
  4 humans (D:13)
  An acid dragon (D:13)
  A centaur (D:13)
  An orc wizard (D:14)
  102 fungi
  94 plants
206 creatures vanquished.

Grand Total: 877 creatures vanquished

Notes
Turn   | Place    | Note
-------+----------+-------------------------------------------
     0 | D:1      | zeram the Spriggan Brigand began the quest for the Orb.
     0 | D:1      | Reached XP level 1. HP: 10/10 MP: 2/2
    58 | D:1      | Reached skill level 6 in Stealth
   444 | D:1      | Reached XP level 2. HP: 8/14 MP: 3/3
   728 | D:1      | Reached skill level 7 in Stealth
   811 | D:1      | Found a faded altar of an unknown god.
  1182 | D:2      | Reached XP level 3. HP: 18/18 MP: 4/4
  1345 | D:2      | Noticed Sigmund
  1655 | D:2      | Reached skill level 8 in Stealth
  2103 | D:2      | Killed Sigmund
  2104 | D:2      | Reached skill level 10 in Stealth
  2104 | D:2      | Reached XP level 4. HP: 22/22 MP: 5/5
  2104 | D:2      | Reached XP level 5. HP: 25/25 MP: 6/6
  2418 | D:3      | Found a broken altar of Ashenzari.
  2548 | D:3      | Found a shimmering blue altar of Sif Muna.
  2550 | D:3      | Found a stormy altar of Qazlal.
  2551 | D:3      | Found a sacrificial altar of Ru.
  2592 | D:3      | Found a basalt altar of Yredelemnul.
  2784 | D:4      | Found a burning altar of Makhleb.
  2789 | D:4      | Found a snail-covered altar of Cheibriados.
  2803 | D:4      | Reached skill level 11 in Stealth
  2803 | D:4      | Reached XP level 6. HP: 16/30 MP: 7/7
  3093 | D:4      | Reached skill level 12 in Stealth
  3162 | D:4      | Reached XP level 7. HP: 31/33 MP: 8/8
  3564 | D:5      | Entered Level 5 of the Dungeon
  3565 | D:5      | Noticed a yak
  3569 | D:5      | Noticed a yak
  3572 | D:5      | Noticed a yak
  3574 | D:5      | Noticed a yak
  3622 | D:4      | Killed a yak
  3623 | D:4      | Reached skill level 13 in Stealth
  3697 | D:4      | Killed a yak
  3698 | D:4      | Reached skill level 14 in Stealth
  3741 | D:4      | Killed a yak
  3929 | D:5      | Killed a yak
  3930 | D:5      | Reached skill level 15 in Stealth
  3930 | D:5      | Reached XP level 8. HP: 34/37 MP: 9/9
  4342 | D:5      | Found a staircase to the Ecumenical Temple.
  4666 | D:5      | Reached skill level 16 in Stealth
  5080 | Temple   | Entered the Ecumenical Temple
  5319 | Temple   | Became a worshipper of Dithmenos the Shadowed
  5370 | D:6      | Found a glowing golden altar of the Shining One.
  5946 | D:6      | Found a bloodstained altar of Trog.
  6076 | D:6      | Reached * piety under Dithmenos
  6230 | D:6      | Reached skill level 17 in Stealth
  6230 | D:6      | Reached XP level 9. HP: 41/41 MP: 10/10
  6486 | D:7      | Noticed a cyan ugly thing
  6498 | D:7      | HP: 1/41 [cyan ugly thing (17)]
  7541 | D:8      | Reached skill level 5 in Dodging
  7582 | D:8      | Found a hide-covered altar of Uskayaw.
  7699 | D:8      | Found a sparkling altar of Nemelex Xobeh.
  7948 | D:8      | Reached skill level 18 in Stealth
  8013 | D:8      | Found an iron altar of Okawaru.
  9398 | D:9      | Found Raynumn's Antique Weapon Emporium.
  9731 | D:9      | Reached skill level 1 in Spellcasting
  9745 | D:9      | Found Vaotis's Jewellery Emporium.
 10051 | D:9      | Found a staircase to the Lair.
 10071 | Lair:1   | Entered Level 1 of the Lair of Beasts
 10071 | Lair:1   | Noticed a komodo dragon
 10104 | D:9      | Reached XP level 10. HP: 46/46 MP: 12/12
 10172 | D:9      | Reached ** piety under Dithmenos
 10659 | D:9      | Reached skill level 1 in Shields
 10702 | D:9      | Reached skill level 19 in Stealth
 10981 | D:9      | Reached skill level 5 in Short Blades
 11547 | Lair:1   | Reached skill level 10 in Dodging
 11885 | Lair:1   | Noticed a black mamba
 11897 | Lair:1   | Reached *** piety under Dithmenos
 11905 | Lair:1   | Reached XP level 11. HP: 46/49 MP: 18/18
 12173 | Lair:2   | Reached skill level 5 in Spellcasting
 12321 | Lair:2   | Found a hole to the Spider Nest.
 12526 | Lair:2   | Noticed Fannar
 12533 | Lair:2   | Killed Fannar
 12704 | Lair:2   | Reached **** piety under Dithmenos
 12795 | Lair:2   | Noticed a swamp dragon
 12796 | Lair:2   | Found a staircase to the Swamp.
 13059 | Lair:2   | Killed a swamp dragon
 13585 | Lair:1   | Reached XP level 12. HP: 53/53 MP: 22/22
 14199 | Lair:3   | Found the +2 ratskin cloak {*Rats rPois rN+ Str-1 Int-1
                  | Dex+1}
 14203 | Lair:3   | Found a runed translucent gate.
 14203 | Lair:3   | Found a runed translucent gate.
 14205 | Lair:3   | Found a runed translucent gate.
 14215 | Lair:3   | Noticed pkoi's ghost (journeyman DrGl)
 14219 | Lair:3   | Noticed a catoblepas
 14537 | Lair:3   | You fall into a shaft and drop 2 floors!
 14661 | Lair:5   | Reached skill level 20 in Stealth
 14772 | Lair:5   | Noticed a boulder beetle
 14777 | Lair:5   | Killed a boulder beetle
 14999 | Lair:4   | Noticed an eight-headed hydra
 15000 | Lair:4   | Killed an eight-headed hydra
 15049 | Lair:4   | Noticed a six-headed hydra
 15054 | Lair:4   | Noticed a four-headed hydra
 15056 | Lair:4   | Killed a six-headed hydra
 15062 | Lair:4   | Killed a four-headed hydra
 15153 | Lair:4   | Identified a scroll of acquirement
 15469 | Lair:4   | Reached ***** piety under Dithmenos
 15470 | Lair:4   | Reached skill level 5 in Shields
 15632 | Lair:4   | Acquired the ring "Onatede" {rC+ Will- rCorr Dex+7}
 15697 | Lair:5   | Reached XP level 13. HP: 57/57 MP: 26/26
 16297 | Lair:5   | Reached skill level 15 in Dodging
 16749 | Lair:5   | Noticed a dire elephant
 16960 | Lair:5   | Killed a dire elephant
 16986 | Lair:5   | Acquired 1211 gold pieces
 17601 | Lair:3   | Found a blossoming altar of Fedhas.
 17877 | Lair:3   | Killed pkoi's ghost
 18045 | Lair:6   | Entered Level 6 of the Lair of Beasts
 18056 | Lair:6   | Reached skill level 10 in Short Blades
 18172 | Lair:6   | Reached skill level 21 in Stealth
 18337 | Lair:6   | Reached XP level 14. HP: 41/61 MP: 28/28
 18401 | Lair:6   | Found a staircase to the Slime Pits.
 19047 | Lair:6   | Reached skill level 10 in Spellcasting
 19071 | Lair:6   | Learned a level 2 spell: Ensorcelled Hibernation
 19074 | Lair:6   | Learned a level 2 spell: Poisonous Vapours
 19081 | Lair:6   | Learned a level 6 spell: Shadow Creatures
 19399 | Spider:1 | Entered Level 1 of the Spider Nest
 19616 | Spider:1 | Reached ****** piety under Dithmenos
 19655 | Spider:1 | Reached skill level 22 in Stealth
 20001 | D:10     | Entered Level 10 of the Dungeon
 20128 | D:10     | Found a shimmering altar of Xom.
 20205 | D:10     | Found a shimmering altar of Xom.
 20352 | D:10     | Found a staircase to the Orcish Mines.
 20500 | D:10     | Found a shimmering altar of Xom.
 20501 | D:10     | Found a shimmering altar of Xom.
 20502 | D:10     | Found a shimmering altar of Xom.
 20502 | D:10     | Found a shimmering altar of Xom.
 20678 | D:11     | Found Guvuapiwn's Antique Armour Boutique.
 20681 | D:11     | Bought a shiny buckler for 180 gold pieces
 20722 | D:11     | Found the +2 shield of Resistance {rF++ rC++ Will++}
 21288 | D:11     | Noticed Sonja
 21303 | D:11     | Killed Sonja
 21937 | D:12     | Noticed Snorg
 22004 | D:12     | Killed Snorg
 22074 | D:12     | Found a shimmering altar of Xom.
 22074 | D:12     | Found the +7 mace of Variability {chain chaos}
 22288 | D:12     | Noticed Frances
 22295 | D:12     | Killed Frances
 22338 | D:12     | You fall into a shaft and drop 2 floors!
 22438 | D:14     | Reached XP level 15. HP: 52/65 MP: 31/31
 22681 | D:14     | Identified the +10 falchion "Baruinuy" {venom, rPois rN+
                  | Str+3 Int-3}
 22974 | D:14     | Gained mutation: Your magical capacity is low. (-10% MP) [a
                  | shining eye]
 22977 | D:14     | Gained mutation: You are frail. (-10% HP) [a shining eye]
 22983 | D:14     | Gained mutation: You sometimes lose the ability to read
                  | scrolls when taking damage. [a shining eye]
 24123 | D:13     | Found a gate to the Vaults.
 24205 | D:13     | Noticed Kirke
 24212 | D:13     | Killed Kirke
 24213 | D:13     | Reached skill level 1 in Summonings
 24612 | D:13     | Reached skill level 23 in Stealth
 24837 | D:13     | Noticed Jorgrun
 24838 | D:13     | Killed Jorgrun
 24897 | D:13     | Identified the +1 pair of boots of Riaveten {+Blink rC++}
 24911 | D:13     | Found a radiant altar of Vehumet.
 25262 | D:12     | Identified the +0 chain mail "Saoqoutz" {rN+ Regen+}
 25924 | Orc:1    | Entered Level 1 of the Orcish Mines
 26372 | Orc:2    | Entered Level 2 of the Orcish Mines
 26466 | Orc:2    | Found a staircase to the Elven Halls.
 26566 | Orc:2    | Found Fyklub's General Store.
 26747 | Orc:2    | Bought a potion of haste for 150 gold pieces
 26747 | Orc:2    | Bought a scroll of teleportation for 45 gold pieces
 27510 | Orc:1    | Found a runed translucent gate.
 27511 | Orc:1    | Found a runed translucent gate.
 27518 | Orc:1    | Found a runed translucent gate.
 27535 | Orc:1    | Found an iron altar of Okawaru.
 27535 | Orc:1    | Noticed Flarelocke's ghost (journeyman HuFi)
 27616 | Orc:1    | Killed Flarelocke's ghost
 27617 | Orc:1    | Reached XP level 16. HP: 31/62 MP: 30/30
 27619 | Orc:1    | Slain by an orc knight

Illustrated notes

Levels and vault maps discovered:
D:1:      psy_arrival_heroes, layout_loops_cross, ebering_ecumenical_altar_hall
D:2:      layout_basic, uniq_sigmund
D:3:      layout_rooms, nicolae_overflow_quartered_altars,
          evilmike_ruin_ashenzari
D:4:      layout_cave_pools, grunt_temple_overflow_open,
          minmay_misc_feat_more_columns, minmay_increasing_density
D:5:      layout_loops_ring, minmay_temple_entry_statues, lightli_minifort
D:6:      layout_loops_cross, nicolae_tso_besieged_by_evil, trog_book
D:7:      layout_basic
D:8:      layout_gridville, okawaru_trees_1, mainiacjoe_overflow_chevrons,
          eat_drink_and_be_merry_uskayaw
D:9:      layout_irregular_city, lair_entry_dummy, serial_shops, shop,
          shop_statue, serial_bayou, serial_bayou_lagoon_b,
          serial_bayou_crossing, serial_bayou_pond_c, serial_bayou_pond_b
D:10:     layout_roguey, xom_shifter_show, orc_0_dummy, minmay_misc_feat_hallway
D:11:     layout_cave_pools, serial_shops, nicolae_stop_n_shop_1,
          minmay_shattered_shrine, uniq_sonja
D:12:     layout_stronghold, minmay_guarded_unrand_variability, uniq_snorg,
          uniq_frances
D:13:     layout_cave_pods, hangedman_vaults_entry_quadrant_bands,
          fiery_altar_vehumet, uniq_kirke, uniq_jorgrun
D:14:     minmay_imperfect_grid, layout_basic, nicolae_trove_entry_isolated
Temple:   jpeg_temple_island
Lair:1:   layout_cellular_growth
Lair:2:   layout_layer_cave, minmay_swamp_entry_reptiles,
          nicolae_spider_entry_tight_spaces, beast_lair_carwin_4,
          serial_bayou_shore_a, lemuel_fruit_fields, serial_bayou_shore_b,
          infiniplex_staircase_pool, uniq_fannar
Lair:3:   layout_regular_city, gammafunk_ghost_split, minmay_lair_oklob_items,
          chequers_serial_rivers_micro_a, tgw_fedhas
Lair:4:   layout_concentric_octagons, grunt_forest_small_clearing_treed
Lair:5:   mu_elephants_graveyard, layout_cave_pods, nzn_sisyphean_effort,
          serial_bayou_shore_b
Lair:6:   evilmike_catoblepas_cave, layout_loops_ring,
          nicolae_slime_entry_slimehenge
Spider:1: layout_spider_delve
Orc:1:    layout_diamond_mine, gammafunk_ghost_fury_of_okawaru, basic_altar,
          abandoned_shop
Orc:2:    st_orc_pillars, layout_diamond_mine, serial_shops, shop,
          bh_open_orc_temple

Skill      XL: |  1  2  3  4  5  6  7  8  9 10 11 12 13 14 15 |
---------------+----------------------------------------------+-----
Stealth        | 6 7 10 11 12 15 17 18 19 20 21 22 23 | 23.4
Dodging        | 4 8 10 12 14 16 17 19 | 19.1
Spellcasting   | 1 4 6 8 9 11 12 | 12.3
Short Blades   | 6 8 9 10 11 | 11.0
Shields        | 2 3 5 6 7 8 |  8.0
Summonings     | 2 |  2.8
Fighting       | |  1.5
Throwing       | |  2.0
Evocations     | |  0.1

Action                   |  1- 3 |  4- 6 |  7- 9 | 10-12 | 13-15 | 16-18 || total
-------------------------+-------+-------+-------+-------+-------+-------++-------
Melee: Dagger            |    73 |    75 |   506 |  1439 |  3836 |     3 ||  5932
Throw: Dart              |    18 |       |    67 |    27 |    28 |       ||   140
Evoke: Wand              |       |       |     8 |       |    14 |       ||    22
  Use: Scroll            |     7 |     4 |    15 |     7 |    11 |       ||    44
       Potion            |     1 |       |     1 |     4 |     7 |       ||    13
 Stab: Sleeping          |    17 |    17 |    34 |    29 |    98 |       ||   195
       Distracted        |       |     2 |     7 |     4 |    15 |       ||    28
       Invisible         |       |       |       |       |    36 |       ||    36
       Petrifying        |       |       |       |       |     3 |       ||     3
       Petrified         |       |       |       |       |     2 |       ||     2
Armor: Robe              |    13 |     8 |    31 |       |       |       ||    52
       Steam dragon scal |       |       |    25 |   131 |   184 |       ||   340
Dodge: Dodged            |    40 |    34 |   541 |  1501 |  2919 |       ||  5035
Block: Buckler           |       |       |       |       |  1105 |       ||  1105
       Reflection        |       |       |       |       |    12 |       ||    12
